 Dungeon Crawl Stone Soup version 0.28.0-45-g0d030f2227 (webtiles) character file.

Game seed: 14241231549939987608

57 McKennaii the Covered (level 3, 0/31 HPs)
             Began as a Demigod Fighter on Apr 18, 2022.
             Slain by an orc
             ... wielding a +1 mace of protection
              (4 damage)
             ... on level 3 of the Dungeon.
             The game lasted 00:00:52 (1526 turns).

McKennaii the Covered (Demigod Fighter)             Turns: 1526, Time: 00:00:53

Health: 0/31       AC:  6    Str: 21    XL:     3   Next: 50%
Magic:  5/5        EV:  9    Int: 10    God:
Gold:   33         SH:  4    Dex: 13    Spells: 2/2 levels left

rFire   . . .      SeeInvis .   a - +0 trident
rCold   . . .      Faith    .   c - +0 buckler
rNeg    . . .      Spirit   .   b - +0 scale mail
rPois   .          Reflect  .   (no helmet)
rElec   .          Harm     .   (no cloak)
rCorr   .          Rampage  .   (no gloves)
Will    .....                   (no boots)
Stlth   ..........              (no amulet)
HPRegen 0.10/turn               (no ring)
MPRegen 0.09/turn               (no ring)

@: on berserk cooldown, slowed, very slow
A: high MP 1, forlorn, divine attributes
a: no special abilities


You were on level 3 of the Dungeon.
You visited 1 branch of the dungeon, and saw 3 of its levels.

You collected 33 gold pieces.

Inventory:

Hand Weapons
 a - a +0 trident (weapon)
Armour
 b - a +0 scale mail (worn)
 c - a +0 buckler (worn)
 i - a +0 plate armour
Wands
 j - a wand of digging (7)
Scrolls
 e - a scroll of identify {unknown}
 f - 2 scrolls of teleportation {unknown}
 h - a scroll of enchant weapon {unknown}
 k - a scroll of magic mapping {unknown}
Potions
 d - 2 potions of might
 l - a potion of resistance {unknown}


   Skills:
 + Level 3.1 Fighting
 + Level 2.3 Polearms
 + Level 3.2 Armour
 + Level 3.1 Shields


You had 2 spell levels left.
You didn't know any spells.
Your spell library contained the following spells:

 Spells                   Type           Power      Damage    Failure   Level
 Scorch                   Fire           0%         2d5       90%         2
 Flame Wave               Conj/Fire      0%         2d4       100%        4
 Summon Cactus Giant      Summ           0%         N/A       100%        6


Dungeon Overview and Level Annotations

Branches:
Dungeon (2/15)


Innate Abilities, Weirdness & Mutations

You have an increased reservoir of magic. (+10% MP)
You shall have no god before yourself.
Your divine heritage dramatically boosts your attributes as you level up.


Message History

You feel yourself moving faster!
You feel mighty! The orc barely misses you.
You closely miss the orc.
The orc is almost dead.
You puncture the orc!
You kill the orc!
You barely miss the orc. The orc hits you with a +0 falchion.
* * * LOW HITPOINT WARNING * * *
You hit the orc.
The orc is severely wounded.
You puncture something! You miss something.
You hear some strange, mumbled words.
You are confused.
You bump into the rock wall.
Something hits you but does no damage.
You barely miss something. Something hits you but does no damage.
You puncture something!
Reactivating autopickup.
You feel a bit more experienced.
You have reached level 3!
Your experience leads to a dramatic increase in your attributes!
Increase (S)trength, (I)ntelligence, or (D)exterity?
You feel stronger. x4
You miss the orc.
The orc is moderately wounded.
The orc closely misses you.
You bump into the rock wall.
You feel a strong urge to attack something.
You are no longer berserk.
You are exhausted.
You feel yourself slow down.
You bump into the rock wall.
You feel less confused.
The orc hits you with a +1 mace of protection.
* * * LOW HITPOINT WARNING * * *
You block the orc's attack.
You barely miss the orc.
The orc is moderately wounded.
You block the orc's attack.
The orc hits you with a +1 mace of protection.
You die...

# #. .# #. #.
########..
#.#.###.........
#..........##)###
#.#.#...............
.............###.#
.#####)#.###o# #.#.#
#o# #.#.# #@# #.#.#
#.# #{#.# #.# #:..#
#.# ..### #.# #.#
#.# #.#


You could see 2 orcs.

Vanquished Creatures
  An orc wizard (D:3)
  An adder (D:2)
  2 orcs (D:3)
  2 ball pythons
  3 goblins (D:1)
  2 hobgoblins (D:2)
  2 jackals (D:2)
  2 quokkas
  A bat (D:1)
  2 frilled lizards (D:1)
  A kobold (D:1)
  2 rats (D:1)
21 creatures vanquished.

Notes
Turn   | Place    | Note
-------+----------+-------------------------------------------
     0 | D:1      | McKennaii the Demigod Fighter began the quest for the Orb.
     0 | D:1      | Reached XP level 1. HP: 18/18 MP: 3/3
   764 | D:1      | Reached XP level 2. HP: 24/25 MP: 4/4
  1483 | D:2      | You fall into a shaft and drop 1 floor!
  1522 | D:3      | Reached XP level 3. HP: 11/31 MP: 5/5
  1526 | D:3      | Slain by an orc

Illustrated notes

Levels and vault maps discovered:
D:1:      minmay_arrival_three_doors, layout_loops_ring
D:2:      layout_basic, wander_ebering_terrifying_dragon_lair
D:3:      layout_loops_ring, mainiacjoe_overflow_alcove_2,
          hangedman_decor_growths

Skill      XL: |  1  2 |
---------------+-------+-----
Polearms       | 2 |  2.3
Fighting       | 3 |  3.1
Armour         | 3 |  3.2
Shields        | 3 |  3.1

Action                   || total
-------------------------++-------
Melee: Trident           ||    95
  Use: Potion            ||     1
Armor: Scale mail        ||    30
Dodge: Dodged            ||    33
Block: Buckler           ||    17
